 Dungeon Crawl Stone Soup version 0.31-a0-542-gdc2a67831c (webtiles) character file.

Game seed: 15637624482521642745

5196 Twinkles the Grappler (level 10, 0/106 (109) HPs)
             Began as an Octopode Shapeshifter on Aug 14, 2023.
             Was an Initiate of Gozag.
             Succumbed to a black mamba's poison
             ... on level 1 of the Lair of Beasts.
             The game lasted 00:36:06 (9662 turns).

Twinkles the Grappler (Octopode Shapeshifter)       Turns: 9662, Time: 00:36:07

HP:   0/106 (109)   AC:  5    Str: 19    XL:     10   Next: 60%
MP:   10/10         EV: 13    Int: 11    God:    Gozag
Gold: 279           SH:  0    Dex: 18    Spells: 9/9 levels left

rFire   . . .        b - +2 dagger (venom)
rCold   + + +        (no shield)
rNeg    . . .        (helmet currently unavailable)
rPois   .            g - amulet of reflection
rElec   .            f - +6 ring of dexterity
rCorr   .            w - ring of protection from cold
SInv    +            r - ring of protection from cold
Will    .....        D - ring of see invisible Stlth
                     I - +4 ring of protection
HPRegen 0.37/turn    J - ring of protection from cold
MPRegen 0.12/turn    (no ring)
                     (no ring)

%: reflection
@: confused, berserking, lethally poisoned (0 -> -30), beast-form,
ambrosia-drunk, hasted, lightly drained, very quick
A: beast (slay +4), almost no armour, amphibious, 8 rings, camouflage 1,
gelatinous body 1, (nimble swimmer 1), tentacles
a: Begin Untransformation, Renounce Religion, Potion Petition, Call Merchant,
Bribe Branch


You were on level 1 of the Lair of Beasts.
You worshipped Gozag.
Gozag was aware of your devotion.
You were a hulking beast.
You visited 3 branches of the dungeon, and saw 11 of its levels.
You also visited: Volcano.

You collected 816 gold pieces.
You spent 214 gold pieces at shops.
You paid 323 gold pieces to Gozag.

Inventory:

Hand Weapons
 b - a +2 dagger of venom (weapon)
 h - a +2 short sword of electrocution
Missiles
 i - 27 poisoned darts (quivered)
 x - a throwing net
Jewellery
 f - a +6 ring of dexterity (left tentacle)
 g - an amulet of reflection (around mantle)
 r - a ring of protection from cold (on tentacle)
 w - a ring of protection from cold (right tentacle)
 D - a ring of see invisible (on tentacle)
 I - a +4 ring of protection (on tentacle)
 J - a ring of protection from cold (on tentacle)
Talismans
 a - a dragon-blood talisman
 c - a flux talisman
 j - a beast talisman (active)
 N - a maw talisman
Wands
 q - a wand of flame (39)
Scrolls
 d - 3 scrolls of amnesia
 e - 3 scrolls of blinking {unknown}
 k - 2 scrolls of enchant armour {unknown}
 l - a scroll of torment {unknown}
 m - a scroll of enchant weapon {unknown}
 o - 2 scrolls of poison {unknown}
 p - a scroll of revelation {unknown}
 s - 2 scrolls of brand weapon
 u - a scroll of vulnerability {unknown}
 y - a scroll of silence {unknown}
 B - a scroll of fear {unknown}
 F - 2 scrolls of immolation {unknown}
 K - 2 scrolls of noise {unknown}
 Y - 2 scrolls of teleportation
 Z - a scroll of identify
Potions
 t - a potion of invisibility {unknown}
 v - a potion of degeneration {unknown}
 z - a potion of magic {unknown}
 A - 2 potions of attraction
 C - 2 potions of cancellation
 E - 2 potions of brilliance {unknown}
 G - a potion of ambrosia
 H - a potion of haste {unknown}
 L - a potion of curing {unknown}
 M - a potion of might {unknown}
 P - a potion of lignification
 R - 2 potions of resistance
 U - 2 potions of mutation


   Skills:
 + Level 8.6 Fighting
 - Level 2.0 Dodging
 - Level 5.0 Stealth
 + Level 9.1 Unarmed Combat
 * Level 8.0 Shapeshifting


You had 9 spell levels left.
You didn't know any spells.
Your spell library contained the following spells:

 Spells                   Type           Power      Damage    Failure   Level
 Apportation              Tloc           0%         N/A       34%         1
 Necrotise                Necr           0%         1d4       34%         1
 Sting                    Tmut/Pois      0%         1d3       34%         1
 Ensorcelled Hibernation  Hex/Ice        0%         N/A       47%         2
 Lesser Beckoning         Tloc           0%         N/A       47%         2
 Momentum Strike          Conj/Tloc      0%         3d8       47%         2
 Passwall                 Tmut/Erth      0%         N/A       47%         2
 Poisonous Vapours        Pois/Air       0%         N/A       47%         2
 Gell's Gravitas          Tloc           0%         N/A       71%         3
 Swiftness                Air            0%         N/A       71%         3
 Teleport Other           Tloc           0%         N/A       71%         3
 Vampiric Draining        Necr           0%         2d6       71%         3
 Olgreb's Toxic Radiance  Pois           0%         N/A       98%         4
 Agony                    Necr           0%         N/A       100%        5
 Alistair's Intoxication  Tmut/Pois      0%         N/A       100%        5
 Irradiate                Conj/Tmut      0%         3d11      100%        5
 Summon Forest            Summ/Tloc      0%         N/A       100%        5
 Yara's Violent Unravell  Hex/Tmut       0%         3d3       100%        5


Dungeon Overview and Level Annotations

Branches:
Dungeon (9/15) Zot: 25701  Temple (1/1) D:7 Zot: 5873    Lair (1/5) D:8 Zot: 5328
Volcano (visited)
    Orc: D:9-12

Altars:
Ashenzari
Cheibriados
Dithmenos
Elyvilon
Fedhas
Gozag
Hepliaklqana
Kikubaaqudgha
Makhleb
Nemelex Xobeh
Okawaru
Qazlal
Ru
Sif Muna
Trog
Uskayaw
Vehumet
Wu Jian
Xom
Yredelemnul
Zin
The Shining One

Shops:
D:5 *

Annotations:
D:4 exclusion: ogre
D:6 3 runed translucent doors, wormstring's ghost, amateur MeEE
D:8 Jeremiah
D:9 exclusion: two-headed ogre
Lair:1 exclusions: deep troll and 2 more exclusions


Innate Abilities, Weirdness & Mutations

You are a hulking beast.
Your limbs bulge with bestial killing power. (Slay +4)
You cannot wear most types of armour.
You are amphibious.
You can wear up to eight rings at the same time.
Your skin changes colour to match your surroundings (Stealth+).
Your rubbery body absorbs attacks. (AC +1, EV +1)
((You are camouflaged when in or above water. (Stealth+)))
You have tentacles for arms and can constrict up to eight enemies at once.


Message History

The hell rat bites you!
You feel drained. You block the hell rat's attack. The hell rat bites you!
You block the hell rat's attack.
You release your grip on the hell rat.
The black mamba attacks as you move away!
The black mamba bites you!
You are poisoned.
The black mamba poisons you!
You feel very sick. The black mamba barely misses you.
A river rat comes into view.
The hell rat bites you.
* * * LOW HITPOINT WARNING * * *
[a] - 230 gold - haste [b] - 208 gold - might and brilliance [c] - 336 gold - resistance and might Purchase which effect?
You no longer have enough gold to petition Gozag for potion effects.
You feel yourself speed up.
* * * LOW HITPOINT WARNING * * *
You feel very sick. The black mamba bites you.
* * * LOW HITPOINT WARNING * * *
You are more poisoned.
The black mamba poisons you! The black mamba closely misses you.
The hell rat closely misses you. The hell rat barely misses you.
A river rat comes into view.
You are confused.
You feel invigorated.
* * * LOW HITPOINT WARNING * * *
You feel extremely sick. The black mamba barely misses you.
The water moccasin bites you.
* * * LOW HITPOINT WARNING * * *
The hell rat barely misses you.
The hell rat bites you but does no damage.
It was a potion of berserk rage.
A red film seems to cover your vision as you go berserk!
You feel yourself moving faster!
You feel mighty!
Your surroundings suddenly seem different.
You die...
Your body crumbles into a pile of gold.
P.PPP.P.P.....#.........^..## ......P......#...###........### P.PPPPP.P.###....###..........##. ..P...P.P####...................# P.PPP.P.P#

#....................# P...P...P#
#...##...#..........##
P.P.P.PPP.##..###.........#...#.#
..P.....P#.....#......#.......# #
PPPPPPPPP#......h.......#....P#
...............>###.........###
............................#
...............##..###..###.#
.....(......#...#### #### .#
..........###..## .# ..........#
##..# .## ....##...#.# #..# ..
...######### #.## .#


There were no monsters in sight!

Vanquished Creatures
  Pikel (D:8)
  A hornet (D:9)
  2 wyverns
  A wraith (D:7)
  A shadow (D:9)
  An acid dragon (D:8)
  2 water moccasins (Lair:1)
  An ice beast (D:7)
  2 orc warriors (D:8)
  2 centaurs
  3 ogres
  6 wolves (Lair:1)
  2 phantoms (D:6)
  2 lemures
  4 kobold brigands
  3 scorpions
  5 bullfrogs
  7 wights
  4 killer bees
  A howler monkey (D:5)
  A jelly (D:6)
  6 hounds
  5 orc priests
  3 iguanas
  A sleepcap (D:6)
  9 orc wizards
  A gnoll (D:1)
  6 adders
  2 white imps
  An ufetubus (D:6)
  6 dart slugs
  30 orcs
  3 bats
  13 endoplasms
  6 giant cockroaches
  9 goblins
  7 hobgoblins
  11 jackals
  4 quokkas
  4 ball pythons
  9 frilled lizards
  26 kobolds
  7 rats
221 creatures vanquished.

Vanquished Creatures (others)
  A kobold (D:7)
1 creature vanquished.

Grand Total: 222 creatures vanquished

Notes
Turn   | Place    | Note
-------+----------+-------------------------------------------
     0 | D:1      | Twinkles the Octopode Shapeshifter began the quest for the
                  | Orb.
     0 | D:1      | Reached XP level 1. HP: 13/13 MP: 1/1
     0 | D:1      | Upgraded the game from 0.31-a0-538-gbc85326fa9 to
                  | 0.31-a0-542-gdc2a67831c
    93 | D:1      | Reached skill level 1 in Stealth
    93 | D:1      | Reached XP level 2. HP: 18/18 MP: 2/2
   266 | D:1      | Reached XP level 3. HP: 20/24 MP: 3/3
   832 | D:2      | Reached XP level 4. HP: 26/29 MP: 4/4
   867 | D:2      | You fall into a shaft and drop 1 floor!
  1359 | D:3      | Found a blossoming altar of Fedhas.
  1737 | D:3      | Reached XP level 5. HP: 22/35 MP: 5/5
  2246 | D:4      | Reached skill level 4 in Unarmed Combat
  2250 | D:4      | Noticed an ogre
  2452 | D:4      | Reached XP level 6. HP: 42/42 MP: 6/6
  2645 | D:4      | Identified the +1 leather armour of Bitterness {Stlth+}
  2703 | D:5      | Entered Level 5 of the Dungeon
  2756 | D:5      | HP: 12/42 [centaur/arrow (9)]
  2762 | D:5      | HP: 2/42 [centaur/arrow (11)]
  3190 | D:5      | HP: 9/42 [ogre/+0 giant spiked club (12)]
  3192 | D:5      | Reached XP level 7. HP: 10/46 MP: 7/7
  3404 | D:5      | Found a broken altar of Ashenzari.
  3439 | D:5      | Reached skill level 5 in Stealth
  3501 | D:5      | Found Ezxu's Assorted Antiques.
  3509 | D:5      | Reached skill level 5 in Unarmed Combat
  3511 | D:5      | Bought a cabochon ring for 110 gold pieces
  3511 | D:5      | Bought a sedimented black potion for 19 gold pieces
  3511 | D:5      | Bought a murky yellow potion for 19 gold pieces
  4124 | D:5      | Reached XP level 8. HP: 54/54 MP: 8/8
  4441 | D:6      | Found a shadowy altar of Dithmenos.
  4466 | D:6      | Reached skill level 5 in Shapeshifting
  4554 | D:6      | Found a runed translucent gate.
  4554 | D:6      | Found a runed translucent gate.
  4554 | D:6      | Found a runed translucent gate.
  4558 | D:6      | Reached skill level 5 in Fighting
  4591 | D:6      | Reached skill level 6 in Unarmed Combat
  4757 | D:6      | Noticed wormstring's ghost (amateur MeEE)
  5109 | D:7      | Noticed a wyvern
  5218 | D:5      | Bought 2 scrolls labelled JOERUOWOIC for 44 gold pieces
  5504 | D:7      | Reached XP level 9. HP: 62/62 MP: 9/9
  5658 | D:7      | Reached skill level 7 in Unarmed Combat
  6054 | D:7      | Found a staircase to the Ecumenical Temple.
  6154 | Temple   | Entered the Ecumenical Temple
  6576 | Temple   | Became a worshipper of Gozag Ym Sagoz the Greedy
  6813 | D:8      | Noticed Pikel
  6978 | D:5      | Bought a scroll labelled WYOCSE PEREO for 22 gold pieces
  7126 | D:8      | Killed Pikel
  7127 | D:8      | Reached skill level 8 in Unarmed Combat
  7181 | D:8      | Noticed Jeremiah
  7210 | D:8      | Found a snail-covered altar of Cheibriados.
  7242 | D:8      | Reached XP level 10. HP: 50/72 MP: 10/10
  7446 | D:8      | Found a staircase to the Lair.
  7509 | D:8      | Found a shimmering blue altar of Sif Muna.
  7518 | D:8      | Found a glowing golden altar of the Shining One.
  7759 | D:9      | Noticed a two-headed ogre
  8984 | Lair:1   | Entered Level 1 of the Lair of Beasts
  8998 | Lair:1   | Got Mabb's Atlas of Relocated Variation
  9097 | Lair:1   | Found a dark tunnel.
  9111 | Volcano  | Entered a volcano
  9113 | Volcano  | Noticed a toenail golem
  9113 | Volcano  | Noticed a wizard
  9113 | Volcano  | Noticed a toenail golem
  9180 | Lair:1   | Reached skill level 9 in Unarmed Combat
  9496 | Lair:1   | Noticed a deep troll
  9656 | Lair:1   | Noticed a black mamba
  9659 | Lair:1   | HP: 19/71 [poisoned by a black mamba]
  9660 | Lair:1   | HP: 9/71 [black mamba (4)]
  9661 | Lair:1   | HP: 1/71 [water moccasin (4)]
  9662 | Lair:1   | Succumbed to a black mamba's poison

Illustrated notes

Levels and vault maps discovered:
D:1:      kennysheep_arrival_seaside, layout_basic, interstate_on_off,
          minmay_misc_feat_more_columns, minmay_misc_feat_square
D:2:      layout_rooms, minmay_octomino_c4
D:3:      layout_loops_cross, fedhas_altar_2
D:4:      layout_basic
D:5:      layout_loops_ring, old_standard_altar, serial_shops,
          nicolae_shop_temple_entry_statues_fountains
D:6:      layout_loops_cross, old_standard_altar, gammafunk_ghost_necromancy,
          minivault_19
D:7:      layout_basic, temple_fountains, minmay_unpleasant_kobolds
D:8:      layout_rooms, kennysheep_slug_shrine, amethyst_overflow_temple_binary,
          lair_entry_dummy, uniq_pikel, uniq_jeremiah
D:9:      layout_grid_maze, fungi_pond_lemuel
Temple:   kb_temple_of_zot
Lair:1:   dreamdust_cave_troll, layout_cave_shapes,
          nicolae_volcano_entry_two_sided, minmay_hedge_maze,
          kennysheep_abandoned_house, serial_bayou_shore_b

Skill      XL: |  1  2  3  4  5  6  7  8  9 10 |
---------------+-------------------------------+-----
Stealth        | 1 2 3 4 5 |  5.0
Fighting       | 2 3 4 6 7 8 |  8.6
Unarmed Combat | 4 5 6 8 9 |  9.1
Shapeshifting  | 4 5 7 8 |  8.0
Dodging        | |  2.0

Action                     |  1- 3 |  4- 6 |  7- 9 | 10-12 || total
---------------------------+-------+-------+-------+-------++-------
  Melee: Unarmed           |    38 |       |       |       ||    38
         Constrict         |    19 |    15 |    44 |    23 ||   101
         Tentacles         |     8 |    14 |    54 |    28 ||   104
         Short sword       |    23 |       |     8 |    11 ||    42
         Punch             |     3 |     1 |    18 |     6 ||    28
         Dagger            |     9 |    86 |   186 |    76 ||   357
  Throw: Dart              |       |       |     6 |     2 ||     8
 Invoke: Potion Petition   |       |       |       |     1 ||     1
    Use: Scroll            |       |     2 |     6 |     1 ||     9
         Potion            |       |       |       |     2 ||     2
   Stab: Sleeping          |     9 |    26 |    13 |     6 ||    54
         Distracted        |     1 |     2 |     2 |       ||     5
 Armour: Skin              |     9 |     2 |    25 |     7 ||    43
  Dodge: Dodged            |    31 |    24 |    84 |    38 ||   177
  Block: Other             |     4 |     8 |    28 |    20 ||    60
         Reflection        |       |     1 |     2 |       ||     3

Table legend: (Time is in decaauts)
 A = Elapsed time spent in this place.
 B = Non-inter-level travel time spent in this place.
 C = Inter-level travel time spent in this place.
 D = Time resting spent in this place.
 E = Time spent auto-exploring this place.
 F = Levels seen in this place.
 G = Mean time per level.
                   A        B        C        D        E       F      G
               +--------+--------+--------+--------+--------+-----+--------+
         Total |   9665 |   8732 |    933 |    653 |   5982 |  12 |  805.4 |
       Dungeon |   8862 |   8051 |    811 |    653 |   5514 |   9 |  984.7 |
        Temple |    126 |      4 |    122 |      0 |      0 |   1 |  126.0 |
          Lair |    671 |    671 |      0 |      0 |    467 |   1 |  671.0 |
       Volcano |      4 |      4 |      0 |      0 |      1 |   1 |    4.0 |
               +--------+--------+--------+--------+--------+-----+--------+

Top non-repeatable levels by time:
     D:5: 1265 daAuts
     D:9: 1258 daAuts
     D:7: 1193 daAuts
     D:6: 1178 daAuts
     D:8: 876 daAuts
     D:4: 812 daAuts
     D:1: 810 daAuts
     D:3: 789 daAuts
     D:2: 676 daAuts
  Lair:1: 671 daAuts
  Temple: 126 daAuts
 Volcano: 4 daAuts
